General information
- name: BNet
- type: Ladder team game (AT/RT)
- host: Battle.net
- saver: HORSEDlCK.mpg
map: CentaurGrove
- players: 4
- length: 37:34
- speed: Fast
- version: 1.24 W3XP
- replay type: Public
» download(216 KB)
Players
team 1 (winner)
HORSEDlCK.mpg (
yellow | 107 APM | 4015 actions | 37:34)
5 Archmage
3 Blizzard
2 Brilliance Aura
4 Mountain King
2 Storm Bolt
2 Bash
4 Paladin
2 Holy Light
2 Divine Shield
» actions
| Assign group hotkey | 24 | |
| Basic commands | 56 | |
| Build / train | 93 | |
| ESC pressed | 2 | |
| Enter build submenu | 37 | |
| Enter hero's abilities submenu | 13 | |
| Give item / drop item | 13 | |
| Right click | 2241 | |
| Select / deselect | 841 | |
| Select group hotkey | 443 | |
| Use ability | 252 | |
4015 total
» units
| Peasant | 18 | |
| Priest | 2 | |
| Sorceress | 2 | |
22 total
» upgrades
| Masonry | 3 | |
| Magic Sentry | 1 | |
| Lumber Harvesting | 2 | |
| Priest Training | 2 | |
| Sorceress Training | 2 | |
| Armor | 1 | |
11 total
» buildings
| Altar of Kings | 1 | |
| Farm | 6 | |
| Scout Tower | 28 | |
| Lumber Mill | 1 | |
| Arcane Tower | 6 | |
| Guard Tower | 14 | |
| Keep | 1 | |
| Arcane Vault | 2 | |
| Arcane Sanctum | 1 | |
| Castle | 1 | |
| Town Hall | 1 | |
| Gryphon Aviary | 2 | |
| Blacksmith | 1 | |
| Barracks | 1 | |
66 total
» build order
00:08 Altar of Kings
00:20 Farm
00:22 Scout Tower
00:57 Lumber Mill
01:06 Arcane Tower
01:24 Farm
01:39 Scout Tower
02:11 Guard Tower
02:24 Farm
02:29 Scout Tower
03:02 Guard Tower
03:47 Farm
04:44 Keep
04:47 Scout Tower
04:49 Scout Tower
05:28 Arcane Tower
05:29 Guard Tower
06:02 Arcane Vault
07:13 Arcane Sanctum
08:05 Scout Tower
09:21 Castle
09:22 Guard Tower
10:02 Guard Tower
10:42 Scout Tower
10:42 Scout Tower
10:43 Scout Tower
11:47 Scout Tower
11:48 Scout Tower
11:52 Arcane Vault
12:12 Scout Tower
12:14 Arcane Tower
12:26 Guard Tower
12:35 Scout Tower
12:36 Scout Tower
13:02 Farm
13:03 Farm
13:13 Guard Tower
14:52 Scout Tower
15:38 Guard Tower
15:39 Scout Tower
16:22 Guard Tower
16:25 Scout Tower
16:58 Arcane Tower
18:51 Scout Tower
18:52 Scout Tower
18:52 Scout Tower
19:14 Scout Tower
19:14 Scout Tower
19:15 Scout Tower
19:31 Guard Tower
19:33 Arcane Tower
19:34 Scout Tower
20:10 Guard Tower
20:13 Scout Tower
20:35 Town Hall
20:45 Guard Tower
21:26 Scout Tower
21:27 Scout Tower
21:28 Scout Tower
21:56 Arcane Tower
21:58 Guard Tower
22:53 Guard Tower
28:22 Gryphon Aviary
28:22 Gryphon Aviary
28:26 Blacksmith
28:28 Barracks
» items
| Staff of Teleportation | 3 | |
| Boots of Speed | 3 | |
| Dust of Appearance | 1 | |
| Scroll of Regeneration | 1 | |
| Potion of Healing | 2 | |
| Ivory Tower | 4 | |
| Staff of Sanctuary | 3 | |
| Orb of Lightning | 2 | |
| Lesser Clarity Potion | 2 | |
| Scroll of Town Portal | 1 | |
22 total
SmokingLettuce (
purple | 120 APM | 4525 actions | 37:33)
6 Blademaster
3 Wind Walk
2 Critical Strike
1 Bladestorm
4 Shadow Hunter
2 Hex
2 Healing Wave
» actions
| Assign group hotkey | 33 | |
| Basic commands | 37 | |
| Build / train | 89 | |
| ESC pressed | 12 | |
| Enter build submenu | 83 | |
| Enter hero's abilities submenu | 10 | |
| Give item / drop item | 11 | |
| Remove unit from queue | 2 | |
| Right click | 2180 | |
| Select / deselect | 397 | |
| Select group hotkey | 1351 | |
| Use ability | 320 | |
4525 total
» units
» upgrades
| Liquid Fire | 1 | |
| Reinforced Defenses | 1 | |
2 total
» buildings
| Altar of Storms | 2 | |
| Orc Burrow | 7 | |
| Voodoo Lounge | 4 | |
| War Mill | 1 | |
| Watch Tower | 55 | |
| Stronghold | 2 | |
| Beastiary | 2 | |
| Fortress | 3 | |
| Great Hall | 4 | |
80 total
» build order
00:13 Altar of Storms
00:24 Orc Burrow
00:56 Voodoo Lounge
01:10 War Mill
01:50 Orc Burrow
02:27 Watch Tower
02:38 Watch Tower
03:06 Watch Tower
03:37 Watch Tower
03:58 Watch Tower
04:10 Watch Tower
04:44 Watch Tower
04:45 Watch Tower
05:23 Stronghold
05:54 Watch Tower
06:08 Watch Tower
06:15 Watch Tower
06:27 Voodoo Lounge
07:17 Voodoo Lounge
09:01 Beastiary
09:20 Watch Tower
09:22 Watch Tower
09:25 Watch Tower
10:05 Fortress
10:05 Fortress
10:14 Beastiary
10:54 Orc Burrow
10:56 Orc Burrow
11:45 Watch Tower
13:16 Watch Tower
13:17 Watch Tower
15:16 Watch Tower
15:16 Watch Tower
15:33 Watch Tower
15:34 Watch Tower
17:08 Great Hall
17:10 Watch Tower
17:15 Watch Tower
21:21 Watch Tower
23:35 Watch Tower
24:52 Great Hall
24:53 Watch Tower
24:55 Watch Tower
27:12 Watch Tower
27:26 Watch Tower
28:54 Watch Tower
29:37 Watch Tower
29:49 Watch Tower
29:52 Watch Tower
30:46 Great Hall
30:50 Watch Tower
30:51 Watch Tower
31:09 Watch Tower
31:10 Watch Tower
31:10 Watch Tower
31:12 Watch Tower
31:12 Watch Tower
31:13 Watch Tower
31:14 Watch Tower
31:58 Great Hall
32:04 Watch Tower
32:06 Watch Tower
32:07 Watch Tower
32:25 Voodoo Lounge
32:26 Watch Tower
32:26 Watch Tower
33:09 Watch Tower
33:09 Watch Tower
33:10 Watch Tower
33:11 Watch Tower
33:13 Watch Tower
33:14 Watch Tower
33:16 Watch Tower
34:16 Altar of Storms
34:18 Orc Burrow
34:21 Orc Burrow
34:23 Orc Burrow
35:21 Watch Tower
» items
| Healing Salve | 5 | |
| Lesser Clarity Potion | 7 | |
| Scroll of Speed | 3 | |
| Circlet of Nobility | 4 | |
| Staff of Teleportation | 3 | |
| Potion of Lesser Invulnerability | 1 | |
| Potion of Invisibility | 2 | |
| Boots of Speed | 2 | |
| Orb of Lightning | 1 | |
| Potion of Healing | 1 | |
| Scroll of Town Portal | 3 | |
32 total
team 2 (loser)
BasketballGoON. (
teal | 80 APM | 3009 actions | 37:33)
5 Blademaster
3 Wind Walk
2 Critical Strike
4 Shadow Hunter
2 Hex
2 Healing Wave
» actions
| Assign group hotkey | 206 | |
| Basic commands | 309 | |
| Build / train | 102 | |
| Enter build submenu | 25 | |
| Enter hero's abilities submenu | 11 | |
| Give item / drop item | 6 | |
| Remove unit from queue | 3 | |
| Right click | 1045 | |
| Select / deselect | 704 | |
| Select group hotkey | 393 | |
| Use ability | 205 | |
3009 total
» units
| Peon | 21 | |
| Grunt | 12 | |
| Raider | 12 | |
| Demolisher | 5 | |
| Spirit Walker | 3 | |
| Tauren | 4 | |
57 total
» upgrades
| Pillage | 1 | |
| Berserker Strength | 1 | |
| Ensnare | 1 | |
| Spirit Walker Training | 2 | |
| Burning Oil | 1 | |
| Pulverize | 1 | |
7 total
» buildings
| Altar of Storms | 1 | |
| Orc Burrow | 7 | |
| Barracks | 1 | |
| Voodoo Lounge | 1 | |
| Stronghold | 2 | |
| Great Hall | 3 | |
| Beastiary | 1 | |
| War Mill | 1 | |
| Spirit Lodge | 1 | |
| Fortress | 3 | |
| Tauren Totem | 1 | |
| Watch Tower | 1 | |
23 total
» build order
00:13 Altar of Storms
00:14 Orc Burrow
00:24 Barracks
01:22 Orc Burrow
01:39 Orc Burrow
02:38 Voodoo Lounge
03:45 Orc Burrow
03:47 Stronghold
03:47 Stronghold
07:52 Great Hall
08:41 Beastiary
09:07 Orc Burrow
09:53 War Mill
10:02 Orc Burrow
11:13 Spirit Lodge
12:45 Orc Burrow
19:06 Fortress
19:06 Fortress
20:54 Great Hall
21:52 Tauren Totem
24:49 Watch Tower
34:36 Great Hall
» items
| Healing Salve | 4 | |
| Lesser Clarity Potion | 6 | |
| Scroll of Speed | 1 | |
| Scroll of Town Portal | 3 | |
| Boots of Speed | 1 | |
15 total
L0v.E- (
red | 47 APM | 1753 actions | 37:23)
3 Demon Hunter
2 Mana Burn
1 Evasion
3 Keeper of the Grove
2 Entangling Roots
1 Thorns Aura
» actions
| Assign group hotkey | 24 | |
| Basic commands | 53 | |
| Build / train | 116 | |
| Enter build submenu | 34 | |
| Enter hero's abilities submenu | 6 | |
| Give item / drop item | 3 | |
| Remove unit from queue | 14 | |
| Right click | 936 | |
| Select / deselect | 377 | |
| Select group hotkey | 54 | |
| Use ability | 136 | |
1753 total
» units
| Wisp | 52 | |
| Huntress | 7 | |
| Druid of the Talon | 1 | |
| Dryad | 13 | |
| Faerie Dragon | 6 | |
| Hippogryph | 3 | |
| Mountain Giant | 1 | |
| Chimaera | 1 | |
84 total
» upgrades
| Druid of the Talon Training | 1 | |
| Abolish Magic | 1 | |
| Strength of the Wild | 2 | |
| Reinforced Hides | 1 | |
5 total
» buildings
| Altar of Elders | 1 | |
| Moon Well | 8 | |
| Hunter's Hall | 1 | |
| Ancient of War | 1 | |
| Ancient Protector | 9 | |
| Tree of Ages | 1 | |
| Tree of Life | 6 | |
| Ancient of Wind | 1 | |
| Ancient of Lore | 2 | |
| Ancient of Wonders | 2 | |
| Tree of Eternity | 1 | |
| Chimaera Roost | 3 | |
36 total
» build order
00:03 Altar of Elders
00:21 Moon Well
01:27 Hunter's Hall
01:45 Ancient of War
02:40 Moon Well
04:21 Moon Well
04:24 Moon Well
04:30 Ancient Protector
05:35 Ancient Protector
06:25 Tree of Ages
07:50 Tree of Life
09:00 Ancient of Wind
09:23 Ancient Protector
09:59 Tree of Life
10:09 Ancient Protector
10:25 Ancient Protector
10:35 Moon Well
11:36 Ancient of Lore
11:48 Ancient of Wonders
12:05 Moon Well
13:14 Tree of Eternity
15:48 Moon Well
15:53 Ancient of Wonders
16:51 Ancient Protector
17:00 Ancient Protector
17:09 Ancient Protector
20:18 Ancient of Lore
20:52 Ancient Protector
21:09 Tree of Life
23:19 Moon Well
25:09 Tree of Life
26:17 Tree of Life
27:30 Chimaera Roost
27:41 Chimaera Roost
28:33 Chimaera Roost
30:41 Tree of Life
» items
Chat log
(00:06 / All) SmokingLettuce: GLITBL
(00:30 / All) SmokingLettuce: heyoooo congressss
(00:34 / All) SmokingLettuce: climate change bill
(00:38 / All) SmokingLettuce: lets get our debate on
(00:50 / All) BasketballGoON.: Legalize weed.
(11:49 / Allies) SmokingLettuce: fucking lag
(13:22 / Allies) SmokingLettuce: ?
(15:24 / Allies) SmokingLettuce: fucking lag
(16:07 / Allies) SmokingLettuce: k
(16:59 / Allies) SmokingLettuce: control
(17:32 / Allies) SmokingLettuce: they all comign to me
(17:41 / Allies) SmokingLettuce: i can with bats
(17:44 / Allies) SmokingLettuce: u ehlp me
(35:30 / All) SmokingLettuce: Gg...NUBS
(35:46 / All) L0v.E-: ur the nub learn to play
(35:49 / All) L0v.E-: nub towerer
(36:01 / All) SmokingLettuce: do you usually make excuses when u lose
(36:16 / All) L0v.E-: no i just hate nub towerer who think their good
(36:18 / All) SmokingLettuce: seems like you're pretty good at excusecraft
(36:26 / All) SmokingLettuce: i think ur bad is what i think
(37:19 / All) L0v.E-: GG
(37:23 / All) HORSEDlCK.mpg: 2ez for a gg
(37:25 / All) HORSEDlCK.mpg: sorry